 Dungeon Crawl Stone Soup version 0.25.1-9-gc5326a611f (webtiles) character file.

Game seed: 6354975816302223643

2029 zeroc00l the Sneak (level 9, -1/44 HPs)
             Began as a Spriggan Venom Mage on Dec 26, 2020.
             Hit by a stone thrown by a big kobold (5 damage)
             ... on level 6 of the Dungeon.
             The game lasted 00:35:50 (8081 turns).

zeroc00l the Sneak (Spriggan Venom Mage)            Turns: 8081, Time: 00:35:51

Health: -1/44      AC:  5    Str:  4    XL:     9   Next: 3%
Magic:  0/17       EV: 21    Int: 20    God:
Gold:   281        SH:  0    Dex: 16    Spells: 5/18 levels left

rFire    . . .     SeeInvis +   d - +3 quarterstaff (chaos)
rCold    . . .     Gourm    .   (shield currently unavailable)
rNeg     . . .     Faith    .   e - +0 robe
rPois    .         Spirit   .   m - +2 hat
rElec    .         Reflect  .   y - +0 cloak
rCorr    .         Harm     .   (gloves unavailable)
MR       +....                  (boots unavailable)
Stlth    +++.......             f - amulet of the acrobat
HPRegen  0.14/turn              (no ring)
MPRegen  0.15/turn              (no ring)

@: very slightly contaminated, hasted, very quick
A: very small, unfitting armour, see invisible, herbivore, speed 3, slow
metabolism 2
a: no special abilities


You were on level 6 of the Dungeon.
You were not hungry.

You visited 1 branch of the dungeon, and saw 6 of its levels.

You collected 281 gold pieces.

Inventory:

Hand Weapons
 a - a +2 dagger of venom
 b - a +0 hunting sling
 c - a +1 dagger of freezing
 d - a +3 quarterstaff of chaos (weapon)
Missiles
 h - 21 poisoned darts (quivered)
 j - 154 stones
 w - 50 sling bullets
Armour
 e - a +0 robe (worn)
 m - a +2 hat (worn)
 y - a +0 cloak (worn)
 G - +0 fire dragon scales
Jewellery
 f - an amulet of the acrobat (around neck)
 F - an uncursed amulet of magic regeneration
Wands
 s - a wand of paralysis (10)
 t - a wand of polymorph (4)
Scrolls
 g - 2 scrolls of teleportation
 n - a scroll of enchant armour
 x - a scroll of identify
Potions
 k - 2 potions of haste {unknown}
 l - 3 potions of lignification {unknown}
 o - 2 potions of brilliance {unknown}
 p - a potion of mutation {unknown}
 q - 3 potions of curing
 r - 2 potions of invisibility {unknown}
 u - a potion of ambrosia {unknown}
 v - a potion of flight
 z - 2 potions of might {unknown}
 A - a potion of magic {unknown}
 B - a potion of stabbing {unknown}
 C - a potion of berserk rage {unknown}
 D - a potion of resistance {unknown}
 E - a potion of cancellation {unknown}
Comestibles
 i - 10 rations


   Skills:
 - Level 3.0 Fighting
 * Level 2.9 Short Blades
 + Level 5.9 Dodging
 - Level 6.0 Stealth
 - Level 5.0 Spellcasting
 - Level 3.0 Conjurations
 - Level 3.0 Transmutations
 - Level 3.0 Fire Magic
 - Level 3.0 Air Magic
 + Level 5.8 Poison Magic


You had 5 spell levels left.
You knew the following spells:

 Your Spells              Type           Power        Failure   Level  Hunger
a - Sting                 Tmut/Pois      ###.         1%          1    None
b - Poisonous Vapours     Pois/Air       ###...       2%          2    None
c - Mephitic Cloud        Conj/Pois/Air  ###.....     7%          3    ##.....
d - Olgreb's Toxic Radia  Pois           ####....     11%         4    ####...
e - Ignite Poison         Fire/Tmut/Pois ###.....     7%          3    ##.....

Your spell library contained the following spells:

 Spells                   Type           Power        Failure   Level  Hunger


Dungeon Overview and Level Annotations

Branches:
Dungeon (6/15)             Temple (0/1) D:6

Altars:
Cheibriados
Elyvilon
Zin
The Shining One

Annotations:
D:6 Fortress's ghost, novice DEIE


Innate Abilities, Weirdness & Mutations

You are very small and have problems with some larger weapons.
You are too small for most types of armour.
You have supernaturally acute eyesight. (SInv)
You are a herbivore.
You cover ground extremely quickly.
You need to consume almost no food.


Message History

You kill the big kobold!
The big kobold throws a stone.
The stone hits you.
* * * LOW HITPOINT WARNING * * *
The big kobold completely misses you.
There is an open translucent gate here.
You see here a stone.
Casting: Sting (safe; 1% risk of failure)
Confirm with . or Enter, or press ? or * to list all spells.
Aiming: Mephitic Cloud (dangerous; 7% risk of failure)
Press: ? - help, Shift-Dir - straight line, f/p - big kobold
Aim: a big kobold, wielding the +7 short sword of Juetodav {chaos, rElec rPois MR+++ Dex-5} (severely wounded, poisoned)
The ball explodes into a vile cloud!
The stinking cloud engulfs the big kobold but does no damage.
The big kobold is severely wounded.
The stinking cloud engulfs the big kobold but does no damage.
The big kobold is lightly wounded.
The stinking cloud engulfs the big kobold but does no damage.
The big kobold is severely wounded.
The big kobold throws a stone.
The stone hits you.
You die...

## .?t#.#.# #####.##.# # S$#.#.#
#.##.# # ###.#.############.##.#
#######.#..........)()....#######
)##.......#####..####)...........
.##..######≈⌠≈##.# ###.#..#######
..>..# ##.....#(###......# .....#
#..###.'.)...###.#### .....#
#?..WK)○@.##........#
.##..####|.###K(.#######.##.#
.##.....##..K)K#.# #.##.#
.###.######≈⌠K##.# #.##.#
.........######..#### #.##.#
....................# #.##.#
............#######.# #.##.#
.#..........#### #.# #.##.#
##.............####.# #.##.#


You could see 5 big kobolds and Fortress's ghost.

Vanquished Creatures
  Sigmund (D:3)
  An orc warrior (D:6)
  An ice beast (D:5)
  A phantom (D:4)
  5 big kobolds (D:6)
  A bullfrog (D:6)
  A gnoll sergeant (D:5)
  A water moccasin zombie (D:5)
  3 scorpions
  3 crimson imps
  4 hounds
  3 bullfrog zombies
  Crazy Yiuf (D:5)
  A jelly (D:5)
  An orc priest (D:5)
  3 orc wizards
  6 iguanas
  Ijyb (D:3)
  4 worker ants
  5 gnolls (D:5)
  6 adders
  3 shadow imps
  2 oozes
  3 worms
  2 dart slugs
  2 leopard geckos
  18 orcs
  6 giant cockroaches
  5 goblins
  5 hobgoblins
  12 jackals
  11 kobolds
  4 quokkas
  4 bats
  5 frilled lizards
  A jackal zombie (D:5)
  5 rats
141 creatures vanquished.

Vanquished Creatures (others)
  4 fungi (D:6)
4 creatures vanquished.

Grand Total: 145 creatures vanquished

Notes
Turn   | Place    | Note
-------+----------+-------------------------------------------
     0 | D:1      | zeroc00l the Spriggan Venom Mage began the quest for the
                  | Orb.
     0 | D:1      | Reached XP level 1. HP: 9/9 MP: 5/5
   171 | D:1      | You fall into a shaft and drop 1 floor!
   178 | D:2      | Reached XP level 2. HP: 13/13 MP: 4/7
   182 | D:2      | Learned a level 2 spell: Poisonous Vapours
   712 | D:1      | Reached XP level 3. HP: 16/16 MP: 8/8
   720 | D:1      | Learned a level 3 spell: Mephitic Cloud
  1090 | D:2      | Found a white marble altar of Elyvilon.
  1645 | D:2      | Found a glowing golden altar of the Shining One.
  1754 | D:3      | Reached XP level 4. HP: 20/21 MP: 7/10
  1807 | D:3      | Found a snail-covered altar of Cheibriados.
  2060 | D:3      | Learned a level 4 spell: Olgreb's Toxic Radiance
  2316 | D:3      | Noticed Ijyb
  2321 | D:3      | Paralysed by Ijyb for 2 turns
  2324 | D:3      | Killed Ijyb
  2397 | D:3      | Noticed Sigmund
  2405 | D:3      | Killed Sigmund
  2405 | D:3      | Reached skill level 1 in Fighting
  2405 | D:3      | Reached skill level 1 in Conjurations
  2405 | D:3      | Reached skill level 1 in Air Magic
  2405 | D:3      | Reached XP level 5. HP: 25/25 MP: 3/12
  2405 | D:3      | Reached XP level 6. HP: 30/30 MP: 3/13
  3233 | D:4      | Learned a level 3 spell: Ignite Poison
  3822 | D:4      | Reached XP level 7. HP: 34/34 MP: 8/14
  4436 | D:5      | Entered Level 5 of the Dungeon
  4538 | D:5      | Reached skill level 1 in Fire Magic
  4798 | D:5      | Found a runed translucent door.
  4799 | D:5      | Noticed Crazy Yiuf
  4812 | D:5      | Killed Crazy Yiuf
  5187 | D:5      | Reached skill level 4 in Stealth
  5621 | D:5      | Reached XP level 8. HP: 39/39 MP: 12/15
  6037 | D:5      | Reached skill level 5 in Stealth
  6273 | D:5      | Found a glowing silver altar of Zin.
  6454 | D:5      | Reached skill level 5 in Poison Magic
  7129 | D:6      | Found a staircase to the Ecumenical Temple.
  7186 | D:6      | Found a runed translucent gate.
  7186 | D:6      | Found a runed translucent gate.
  7186 | D:6      | Found a runed translucent gate.
  7187 | D:6      | Identified the +7 short sword of Juetodav {chaos, rElec
                  | rPois MR+++ Dex-5}
  7187 | D:6      | Noticed Fortress's ghost (novice DEIE)
  7272 | D:6      | Reached skill level 6 in Stealth
  7275 | D:6      | Reached skill level 5 in Dodging
  7464 | D:6      | Reached skill level 1 in Short Blades
  8075 | D:6      | Reached skill level 5 in Spellcasting
  8075 | D:6      | Reached XP level 9. HP: 14/44 MP: 2/17
  8081 | D:6      | Hit by a stone thrown by a big kobold

Illustrated notes

Levels and vault maps discovered:
D:1:      scummos_arrival_forest, layout_basic
D:2:      layout_loops_corners, tso_altar, lemuel_round_altar
D:3:      layout_loops_ring, cheibriados_altar_1, uniq_ijyb, uniq_sigmund
D:4:      layout_layer_cave, first_ration
D:5:      lemuel_upstairs_altar, layout_gridville, zin_treasury,
          lightli_minifort, uniq_crazy_yiuf_cottage
D:6:      layout_loops_ring, minmay_temple_entry_from_below_a,
          gammafunk_ghost_nasty_kobolds, palyth_stone_intersect,
          kennysheep_cross_bottleneck, lightli_corner_chamber

Skill      XL: |  1  2  3  4  5  6  7  8 |
---------------+-------------------------+-----
Spellcasting   | 3 4 5 |  5.0
Transmutations | 2 3 |  3.0
Dodging        | 4 5 |  5.9
Fighting       | 1 2 3 |  3.0
Conjurations   | 1 2 3 |  3.0
Air Magic      | 1 2 3 |  3.0
Poison Magic   | 4 5 |  5.8
Fire Magic     | 2 3 |  3.0
Stealth        | 4 6 |  6.0
Short Blades   | 2 |  2.9

Action                   |  1- 3 |  4- 6 |  7- 9 || total
-------------------------+-------+-------+-------++-------
Melee: Dagger            |    65 |    38 |    58 ||   161
       War axe           |       |    10 |     9 ||    19
       Quarterstaff      |       |       |    71 ||    71
 Fire: Hunting sling     |       |    20 |    59 ||    79
Throw: Stone             |     1 |       |       ||     1
       Dart              |       |     8 |     3 ||    11
 Cast: Sting             |    41 |    50 |    93 ||   184
       Poisonous Vapours |     2 |    11 |    19 ||    32
       Olgreb's Toxic Ra |       |     1 |     1 ||     2
       Mephitic Cloud    |       |       |     4 ||     4
  Use: Scroll            |     5 |     1 |     3 ||     9
 Stab: Sleeping          |     2 |       |     4 ||     6
       Distracted        |       |       |     2 ||     2
       Confused          |       |       |     2 ||     2
  Eat: Ration            |       |     1 |     2 ||     3
Armor: Robe              |     8 |     3 |    23 ||    34
Dodge: Dodged            |    62 |    42 |   153 ||   257
